 Dungeon Crawl Stone Soup version 0.28-a0-1387-g3a22ab9bdc (webtiles) character file.

Game seed: 10928649015522351823

29637 wakim the Fighter (level 13, -7/144 HPs)
             Began as a Troll Hunter on Jan 1, 2022.
             Was a Believer of Uskayaw.
             Mangled by a freezing wraith (12 damage)
             ... in an ice cave on Jan 2, 2022.
             The game lasted 01:02:34 (15522 turns).

wakim the Fighter (Troll Hunter)                   Turns: 15522, Time: 01:02:35

Health: -7/144     AC: 10    Str: 23    XL:     13   Next: 16%
Magic:  16/16      EV:  9    Int:  7    God:    Uskayaw [**....]
Gold:   1178       SH:  5    Dex: 14    Spells: 12/12 levels left

rFire   x . .      SeeInvis .     - Unarmed
rCold   + . .      Faith    .   p - orb {light}
rNeg    . . .      Spirit   .   j - +0 acid dragon scales
rPois   .          Reflect  +   o - +2 hat {Will+}
rElec   .          Harm     .   (no cloak)
rCorr   +          Rampage  .   (gloves unavailable)
Will    +....                   (boots unavailable)
Stlth   +.........              i - amulet of reflection
HPRegen 1.14/turn               h - ring of flight
MPRegen 0.15/turn               k - ring of ice

@: flying, slowed, glowing, very slow
A: large, unfitting armour, claws 3, regeneration 1, shaggy fur 1, tough skin 1
a: Renounce Religion, Stomp, Line Pass


You were in an ice cave.
You worshipped Uskayaw.
Uskayaw was noncommittal.
You visited 3 branches of the dungeon, and saw 16 of its levels.
You also visited: Bailey and Ice Cave.

You collected 1613 gold pieces.
You spent 435 gold pieces at shops.

Inventory:

Missiles
 c - 18 large rocks {=f}
 f - 6 curare-tipped darts {=f}
 g - 18 boomerangs
 m - 4 throwing nets {=f!f}
 s - 530 stones (quivered)
 S - a boomerang of dispersal {=f!f}
 W - 6 atropa-tipped darts
 Z - 68 poisoned darts
Armour
 j - +0 acid dragon scales (worn)
 n - an orb of wrath
 o - a +2 hat of willpower (worn)
 p - an orb of light (worn)
Jewellery
 h - a ring of flight (left claw)
 i - an amulet of reflection (around neck)
 k - a ring of ice (right claw)
 l - a ring of poison resistance
 V - a ring of see invisible
Wands
 t - a wand of digging (6)
 u - a wand of mindburst (4)
 v - a wand of flame (22)
 w - a wand of acid (5)
 x - a wand of iceblast (15)
 y - a wand of paralysis (10)
 z - a wand of polymorph (9)
Scrolls
 q - 2 scrolls of amnesia
 r - 2 scrolls of identify
 P - a scroll of enchant armour
 Q - 2 scrolls of immolation {!r!r}
 R - 4 scrolls of magic mapping {!r}
 T - 7 scrolls of teleportation
 U - 2 scrolls of fear
 X - 4 scrolls of fog
 Y - 3 scrolls of blinking {!r}
Potions
 A - 4 potions of ambrosia
 B - 3 potions of attraction {!q}
 C - 2 potions of berserk rage {!q}
 D - 3 potions of brilliance
 E - a potion of cancellation
 F - 7 potions of curing
 G - 3 potions of flight
 H - 4 potions of haste
 I - a potion of invisibility
 K - 2 potions of magic
 L - 2 potions of lignification {!q}
 M - 3 potions of mutation {!q}
 N - a potion of might
 O - a potion of resistance


   Skills:
 + Level 13.5 Fighting
 * Level 8.9 Throwing
 - Level 1.5 Dodging
 - Level 0.3 Stealth
 - Level 12.0 Unarmed Combat
 * Level 5.6 Invocations


You had 12 spell levels left.
You didn't know any spells.
Your spell library contained the following spells:

 Spells                   Type           Power      Damage    Failure   Level
 Magic Dart               Conj           0%         1d3       52%         1
 Searing Ray              Conj           0%         2d4       65%         2
 Airstrike                Air            0%         N/A       99%         4
 Fulminant Prism          Conj/Hex       0%         3d6       99%         4
 Petrify                  Tmut/Erth      0%         N/A       99%         4
 Summon Lightning Spire   Summ/Air       0%         N/A       99%         4
 Lightning Bolt           Conj/Air       0%         1d11      100%        5
 Metabolic Englaciation   Hex/Ice        0%         N/A       100%        5
 Statue Form              Tmut/Erth      0%         N/A       100%        6


Dungeon Overview and Level Annotations

Branches:
Dungeon (11/15)            Temple (1/1) D:4            Lair (4/6) D:11
  Snake (0/4) Lair:3       Spider (0/4) Lair:4          Orc (0/2) D:9
 Bailey (visited)           IceCv (1/1)

Altars:
Cheibriados
Elyvilon
Gozag
Hepliaklqana
Kikubaaqudgha
Makhleb
Nemelex Xobeh
Okawaru
Qazlal
Sif Muna
Trog
Uskayaw
Vehumet
Wu Jian
Yredelemnul
The Shining One
Beogh

Shops:
D:6 =   D:8 (*=*(*   D:9 *

Annotations:
D:7 dig
Lair:2 3 runed translucent doors, Buheuvah's ghost, journeyman MiFi IceCv 1 transporter


Innate Abilities, Weirdness & Mutations

You are too large for most types of armour.
You have claws for hands.
Your natural rate of healing is unusually fast.
You are covered in fur. (AC +1)
You have tough skin. (AC +1)


Message History

You feel much better.
Your surroundings seem slightly different.
You can no longer pass through a line of other dancers.
Unknown command.
The freezing wraith barely misses you. The freezing wraith hits you!
* * * LOW HITPOINT WARNING * * *
The freezing wraith drains your vigour!
You feel as though you will be slow longer.
You claw the freezing wraith!
The freezing wraith is moderately damaged.
The freezing wraith closely misses you. The freezing wraith hits you.
* * * LOW HITPOINT WARNING * * *
The freezing wraith drains your vigour!
You feel as though you will be slow longer.
You mangle the freezing wraith!!
The freezing wraith is almost destroyed.
You block the polar bear simulacrum's attack.
The polar bear simulacrum barely misses you.
The polar bear simulacrum claws you.
* * * LOW HITPOINT WARNING * * *
The polar bear simulacrum freezes you! You resist.
* * * LOW HITPOINT WARNING * * *
The freezing wraith hits you!
* * * LOW HITPOINT WARNING * * *
The freezing wraith freezes you. You resist.
* * * LOW HITPOINT WARNING * * *
You block the freezing wraith's attack.
You can now pass through a line of other dancers.
You feel much better.
You block the freezing wraith's attack. x2
The polar bear simulacrum bites you.
* * * LOW HITPOINT WARNING * * *
The polar bear simulacrum freezes you! You resist.
* * * LOW HITPOINT WARNING * * *
You block the polar bear simulacrum's attack.
The polar bear simulacrum claws you.
* * * LOW HITPOINT WARNING * * *
The polar bear simulacrum freezes you! You resist.
* * * LOW HITPOINT WARNING * * *
The freezing wraith hits you!
You die...

..........##
.!..8.......#
8.!.........#
©©[)....∩.∩.#
8.$.........#
.!..8.......#
...........##
......ZW..##
#......@.##
###...####
####


You could see a freezing wraith and a polar bear simulacrum.

Vanquished Creatures
  Gastronok (Lair:1)
  2 vault guards (Bailey)
  A hydra (Lair:1)
  2 two-headed ogres
  A deep elf pyromancer (D:9)
  A manticore (D:9)
  2 ugly things
  A cyclops (D:9)
  A black mamba (Lair:3)
  A gargoyle (D:8)
  3 cane toads
  3 kobold demonologists (D:11)
  6 komodo dragons
  2 rime drakes
  An unseen horror (D:11)
  2 trolls (D:10)
  A hornet (shapeshifter) (D:9)
  2 slime creatures
  Prince Ribbit (Bailey)
  13 blink frogs
  A vampire (D:9)
  2 jumping spiders (Lair:4)
  2 shadows (D:10)
  5 humans (Bailey)
  5 wyverns
  3 basilisks
  18 yaks
  A wraith (D:9)
  3 redbacks (Lair:4)
  2 steam dragons
  4 vampire mosquitoes (D:11)
  2 acid dragons (D:10)
  3 nagas (Lair:3)
  4 water moccasins
  14 orc warriors
  3 sky beasts
  2 black bears
  5 centaurs
  2 ogres
  6 wolves
  3 phantoms
  5 kobold brigands
  21 bullfrogs
  2 gnoll sergeants
  A wyvern zombie (D:5)
  2 scorpions (D:5)
  2 water moccasin zombies
  An elephant simulacrum (IceCv)
  A water moccasin skeleton (D:4)
  5 killer bees (D:11)
  5 wights (D:9)
  3 electric eels
  5 centaur zombies
  4 howler monkeys (D:9)
  A bullfrog zombie (D:5)
  A centaur skeleton (D:6)
  A gnoll shaman (D:6)
  7 hounds
  10 orc priests
  4 jellies
  4 iguanas
  16 orc wizards
  2 polar bear simulacra (IceCv)
  Robin (D:4)
  17 gnolls
  A howler monkey skeleton (D:5)
  6 adders
  A shadow imp (D:7)
  15 white imps
  3 ufetubi
  4 worms
  4 dart slugs
  93 orcs
  3 bats
  9 endoplasms
  4 giant cockroaches
  26 goblins
  18 hobgoblins
  3 jackals (D:1)
  3 quokkas
  2 ball pythons (D:2)
  4 frilled lizards
  19 kobolds
  A quokka skeleton (D:4)
  3 rats
480 creatures vanquished.

Vanquished Creatures (others)
  2 fungi
  47 plants
49 creatures vanquished.

Grand Total: 529 creatures vanquished

Notes
Turn   | Place    | Note
-------+----------+-------------------------------------------
     0 | D:1      | wakim the Troll Hunter began the quest for the Orb.
     0 | D:1      | Reached XP level 1. HP: 19/19 MP: 0/0
   246 | D:1      | Reached skill level 1 in Unarmed Combat
   246 | D:1      | Reached XP level 2. HP: 28/28 MP: 1/1
   290 | D:1      | Found a faded altar of an unknown god.
   308 | D:1      | Reached skill level 2 in Fighting
   645 | D:1      | Reached XP level 3. HP: 35/35 MP: 2/2
  1017 | D:2      | Reached XP level 4. HP: 39/44 MP: 3/3
  1230 | D:2      | Reached skill level 3 in Fighting
  1367 | D:2      | Reached XP level 5. HP: 43/53 MP: 4/4
  2434 | D:4      | Reached XP level 6. HP: 62/62 MP: 5/5
  2476 | D:4      | Reached skill level 4 in Fighting
  2590 | D:4      | Noticed Robin
  2597 | D:4      | Killed Robin
  2671 | D:4      | Found a staircase to the Ecumenical Temple.
  2676 | Temple   | Entered the Ecumenical Temple
  2695 | Temple   | Became a worshipper of Uskayaw the Reveller
  2721 | D:4      | Reached * piety under Uskayaw
  2775 | D:4      | Reached skill level 5 in Unarmed Combat
  2775 | D:4      | Reached ** piety under Uskayaw
  2777 | D:4      | Reached *** piety under Uskayaw
  2778 | D:4      | Reached XP level 7. HP: 55/71 MP: 6/6
  2964 | D:4      | Found a shimmering blue altar of Sif Muna.
  3001 | D:5      | Entered Level 5 of the Dungeon
  3001 | D:5      | Noticed Sigmund
  3181 | D:5      | Noticed Ijyb
  3182 | D:5      | Noticed Ijyb
  3182 | D:5      | Ijyb changed into Ijyb the rat
  3186 | D:5      | Killed Ijyb the rat
  3194 | D:5      | Reached skill level 5 in Fighting
  3511 | D:5      | Noticed Sigmund
  3511 | D:5      | Sigmund changed into Sigmund the hound
  3516 | D:5      | Killed Sigmund the hound
  3705 | D:5      | Reached XP level 8. HP: 79/83 MP: 2/7
  4097 | D:6      | Reached skill level 6 in Fighting
  4520 | D:6      | Reached **** piety under Uskayaw
  4960 | D:6      | Found a radiant altar of Vehumet.
  5022 | D:6      | Reached skill level 7 in Fighting
  5217 | D:6      | Reached XP level 9. HP: 74/93 MP: 8/8
  5739 | D:6      | Found Imuu's Jewellery Emporium.
  6120 | D:7      | Reached skill level 8 in Fighting
  6621 | D:7      | Found a sparkling altar of Nemelex Xobeh.
  6831 | D:8      | Found Tuzil's General Store.
  6840 | D:8      | Bought a scroll of identify for 26 gold pieces
  6840 | D:8      | Bought a scroll of identify for 26 gold pieces
  6842 | D:8      | Found Kieta's Jewellery Shop.
  6860 | D:8      | Noticed a gargoyle
  6876 | D:8      | Killed a gargoyle
  6877 | D:8      | Reached skill level 10 in Unarmed Combat
  6974 | D:8      | Found Dimuhood's Weapon Emporium.
  6995 | D:8      | Found Assenk's General Store.
  7003 | D:8      | Bought a potion of curing for 42 gold pieces
  7185 | D:8      | Found Atam's Weapon Shop.
  7193 | D:8      | Bought 3 large rocks for 31 gold pieces
  7507 | D:8      | Found Kotrey's Island Escapes.
  7735 | D:8      | Bought a scroll of blinking for 82 gold pieces
  7757 | D:9      | Reached XP level 10. HP: 106/106 MP: 9/9
  7787 | D:9      | Reached skill level 9 in Fighting
  7788 | D:9      | Reached ***** piety under Uskayaw
  7828 | D:9      | Reached ****** piety under Uskayaw
  7927 | D:9      | Noticed a cyclops
  7927 | D:9      | Noticed a deep elf pyromancer
  7928 | D:9      | Noticed a manticore
  7944 | D:9      | Noticed a white ugly thing
  8085 | D:9      | Killed a manticore
  8092 | D:10     | Entered Level 10 of the Dungeon
  8113 | D:10     | Reached skill level 10 in Fighting
  8318 | D:10     | Found a flagged portal.
  8382 | Bailey   | Entered a bailey
  8467 | Bailey   | Reached XP level 11. HP: 44/119 MP: 10/10
  8623 | Bailey   | Noticed a vault guard
  8651 | Bailey   | Killed a vault guard
  8703 | Bailey   | Noticed a vault guard
  8703 | Bailey   | Noticed Prince Ribbit
  8735 | Bailey   | Killed a vault guard
  8736 | Bailey   | Reached skill level 11 in Fighting
  8742 | Bailey   | Killed Prince Ribbit
  8867 | D:10     | Found a white marble altar of Elyvilon.
  9205 | D:9      | Reached skill level 1 in Invocations
  9237 | D:9      | Killed a white ugly thing
  9318 | D:9      | HP: 6/120 [orc (7)]
  9757 | D:9      | Found a staircase to the Orcish Mines.
  9805 | D:9      | Identified the +0 robe of Roseamu {Rampage rF++ Str-3
                  | Int+3}
  9837 | D:9      | Killed a deep elf pyromancer
  9908 | D:9      | Noticed a two-headed ogre
  9937 | D:9      | Killed a two-headed ogre
  9939 | D:9      | Reached skill level 5 in Throwing
 10262 | D:9      | Found Itruid's Assorted Antiques.
 10276 | D:9      | Bought a scroll labelled DYDDUJYHIU for 31 gold pieces
 10276 | D:9      | Bought a bubbling golden potion for 27 gold pieces
 10276 | D:9      | Bought a wand of paralysis (6) for 62 gold pieces
 10276 | D:9      | Bought a scroll of fear for 108 gold pieces
 10627 | D:10     | Acquired the +2 hat of the Original Sin {rN+ Str+4}
 11016 | D:11     | Noticed a two-headed ogre
 11052 | D:11     | Killed a two-headed ogre
 11320 | D:11     | Noticed a cyan ugly thing
 11332 | D:11     | Killed a cyan ugly thing
 11333 | D:11     | Reached skill level 12 in Fighting
 11333 | D:11     | Reached XP level 12. HP: 120/132 MP: 14/14
 11851 | D:11     | Found a staircase to the Lair.
 12208 | Lair:1   | Entered Level 1 of the Lair of Beasts
 12211 | Lair:1   | Noticed Gastronok
 12243 | Lair:1   | Killed Gastronok
 12329 | Lair:1   | Noticed a four-headed hydra
 12351 | Lair:1   | Killed a five-headed hydra
 12472 | Lair:1   | Reached skill level 13 in Fighting
 12700 | Lair:1   | You are sucked into a shaft and drop 1 floor!
 13048 | Lair:2   | Noticed Buheuvah's ghost (journeyman MiFi)
 13107 | Lair:2   | Found a runed translucent gate.
 13107 | Lair:2   | Found a runed translucent gate.
 13107 | Lair:2   | Found a runed translucent gate.
 14213 | Lair:2   | Upgraded the game from 0.28-a0-1382-g92835e5c71 to
                  | 0.28-a0-1387-g3a22ab9bdc
 14349 | Lair:3   | Reached skill level 5 in Invocations
 14349 | Lair:3   | Reached XP level 13. HP: 143/144 MP: 15/15
 14697 | Lair:3   | Found a staircase to the Snake Pit.
 15290 | Lair:4   | Found a hole to the Spider Nest.
 15463 | Lair:4   | Found a frozen archway.
 15500 | IceCv    | Entered an ice cave
 15519 | IceCv    | Found a transporter.
 15521 | IceCv    | HP: 3/144 [freezing wraith (6)]
 15522 | IceCv    | Mangled by a freezing wraith

Illustrated notes

Levels and vault maps discovered:
D:1:      scummos_arrival_checkerplants, layout_basic, basic_ecumenical_altar
D:2:      kennysheep_big_flooded_room, layout_basic
D:3:      layout_loops_cross
D:4:      layout_rooms, nicolae_sif_muna_little_library,
          minmay_temple_entry_butterflies, minmay_tree_intersection,
          hangedman_abyss_or_decor_stagger, wad_floor_pattern_untrapped,
          uniq_robin
D:5:      layout_loops_ring, grunt_ministairs_4, uniq_ijyb, uniq_sigmund
D:6:      kennysheep_housing_project, layout_gridville,
          nicolae_overflow_hidden_temple, serial_shops,
          nicolae_shop_hallway_plus
D:7:      layout_loops_cross, nemelex_dance_club_becter, serial_glass,
          glass_columns_a, glass_columns_b, glass_columns_b, glass_columns_c,
          feat_on_display, minmay_strange_pillars, due_unseen_surprise,
          feat_on_display
D:8:      layout_basic, serial_shops, shop, shop, nicolae_shop_trees,
          shop_fountains, shop, minmay_door_square, nicolae_island_escapes
D:9:      minmay_the_grid_triangle_9x9_recursive_2
          [minmay_the_grid_triangle_9x9_prize_top_heavy,
          minmay_the_grid_triangle_9x9_limited_checkers,
          minmay_the_grid_triangle_9x9_semitri,
          minmay_the_grid_triangle_9x9_sparse_checkered], layout_basic,
          hiddenorc2_lemuel, special_room [special_room_orc], serial_shops,
          nicolae_square_shop
D:10:     cheibrodos_elevator_heist, layout_loops_ring, elyvilon_altar_3,
          enter_bailey_5, nicolae_lava_and_water, serial_bayou_pond_e
D:11:     layout_loops_ring, erik_lair_dragon
Temple:   mainiacjoe_temple_coin_purse
Lair:1:   layout_chaotic_city, serial_bayou_shore_a, grunt_megastairs_2,
          serial_bayou_shore_b, serial_bayou_shore_b,
          infiniplex_staircase_pool_2, uniq_gastronok
Lair:2:   layout_cave_pods, gammafunk_ghost_icy
Lair:3:   layout_regular_city, minmay_snake_entry_guardpost_small
Lair:4:   layout_hall_layers, nicolae_spider_entry_tight_spaces,
          portal_ice_cave_entry_imps
IceCv:    ice_cave_statue_garden_transporter

Skill      XL: |  1  2  3  4  5  6  7  8  9 10 11 12 |
---------------+-------------------------------------+-----
Unarmed Combat | 1 2 3 4 5 6 8 10 12 | 12.0
Fighting       | 2 3 4 5 7 8 10 12 13 | 13.5
Invocations    | 4 5 |  5.6
Throwing       | 5 8 |  8.9
Dodging        | |  1.5
Stealth        | |  0.3

Action                   |  1- 3 |  4- 6 |  7- 9 | 10-12 | 13-15 || total
-------------------------+-------+-------+-------+-------+-------++-------
Melee: Short sword       |    38 |       |       |       |       ||    38
       Unarmed           |    88 |   163 |   312 |   633 |    79 ||  1275
       Punch             |       |       |    13 |    14 |       ||    27
Throw: Stone             |       |     3 |   147 |    76 |    76 ||   302
       Dart              |       |       |    30 |    54 |    17 ||   101
       Boomerang         |       |       |       |     8 |       ||     8
Invok: Line Pass         |       |       |     3 |     6 |       ||     9
       Stomp             |       |       |     7 |     5 |       ||    12
Evoke: Wand              |       |       |     2 |     8 |     4 ||    14
  Use: Scroll            |       |     5 |    10 |    10 |     3 ||    28
       Potion            |       |       |     1 |     3 |     3 ||     7
 Stab: Sleeping          |     3 |     1 |     1 |       |       ||     5
       Paralysed         |       |       |     3 |    40 |     3 ||    46
       Confused          |       |       |     2 |     4 |       ||     6
       Distracted        |       |       |       |     1 |       ||     1
Armor: Robe              |    43 |    37 |    84 |    60 |       ||   224
       Acid dragon scale |       |       |       |    78 |    31 ||   109
Dodge: Dodged            |    58 |    78 |   183 |   333 |    41 ||   693
Block: Orb               |       |       |       |    48 |    19 ||    67
       Other             |       |       |       |     4 |       ||     4

Table legend: (Time is in decaauts)
 A = Elapsed time spent in this place.
 B = Non-inter-level travel time spent in this place.
 C = Inter-level travel time spent in this place.
 D = Time resting spent in this place.
 E = Time spent auto-exploring this place.
 F = Levels seen in this place.
 G = Mean time per level.
                   A        B        C        D        E       F      G
               +--------+--------+--------+--------+--------+-----+--------+
         Total |  15313 |  14493 |    820 |    239 |   9714 |  18 |  850.7 |
       Dungeon |  11580 |  10880 |    700 |    174 |   7099 |  11 | 1052.7 |
        Temple |     28 |     20 |      8 |      0 |      9 |   1 |   28.0 |
          Lair |   3249 |   3137 |    112 |      0 |   2447 |   4 |  812.2 |
        Bailey |    429 |    429 |      0 |     65 |    159 |   1 |  429.0 |
      Ice Cave |     26 |     26 |      0 |      0 |      0 |   1 |   26.0 |
               +--------+--------+--------+--------+--------+-----+--------+

Top non-repeatable levels by time:
     D:6: 1549 daAuts
     D:9: 1416 daAuts
     D:8: 1323 daAuts
    D:11: 1244 daAuts
     D:5: 1188 daAuts
  Lair:2: 1155 daAuts
  Lair:3: 962 daAuts
    D:10: 955 daAuts
  Lair:1: 934 daAuts
     D:7: 917 daAuts
     D:1: 885 daAuts
     D:2: 809 daAuts
     D:3: 673 daAuts
     D:4: 616 daAuts
  Bailey: 429 daAuts
